Sharks vs Stars
Created - December 2, 2024 at 19:26
Goals
|
| Sharks |
1 |
2 |
0 |
0 |
3 |
| Stars |
1 |
2 |
0 |
1 |
4 |
|
Shots
|
| Sharks |
11 |
8 |
16 |
4 |
39 |
| Stars |
6 |
11 |
11 |
2 |
30 |
|
1st period
1. Sharks , Zach Parise 5 (Boone Jenner 8, Wayne Simmonds 8) at 9:12
2. Stars , Evgeny Grachev 3 (Alex Chiasson 5, Guillaume Latendresse 5) at 16:42
Penalties :
No Penalty
2nd period
3. Stars , Michael Grabner 6 (Jake Guentzel 12, Sidney Crosby 12) at 9:25
4. Stars , Michael Grabner 7 (Sidney Crosby 13) at 9:55 (PP)
5. Sharks , Wayne Simmonds 5 (Drew Doughty 15) at 10:27
6. Sharks , Steven Stamkos 15 (Drew Doughty 16, Conor Sheary 12) at 10:37
Penalties :
Mike Lundin (S.J) for Tripping (Minor) at 1:35, Logan Stanley (S.J) for Slashing (Minor) at 6:56, Zach Parise (S.J) for Cross-checking (Minor) at 9:53, Guillaume Latendresse (Dal) for Roughing (Minor) at 17:01, Mike Lundin (S.J) for Hooking (Minor) at 17:17
3rd period
No Goal
Penalties :
Paul Ladue (Dal) for Cross-checking (Minor) at 2:39, Steven Stamkos (S.J) for Hooking (Minor) at 3:08, Drew Doughty (S.J) for Interference (Minor) at 8:37
Overtime #1
7. Stars , Sidney Crosby 9 (Jake Guentzel 13) at 4:06
Penalties :
No Penalty
Goalie Stats
Philipp Grubauer (S.J), 26 saves from 30 shots - (0.867), OTL, 12-3-3, 64:06 minutes
Matt Murray (Dal), 36 saves from 39 shots - (0.923), W, 6-6-3, 64:06 minutes
Players Stats for Sharks
Player Name G A P +/- PIM S H SB GA TA FO MP PP MP PK MP
------------------------------------------------------------------------------------
Andreas Martinsen 0 0 0 0 0 0 0 2 1 0 1/1 9:50 0:00 0:47
Beau Bennett 0 0 0 0 0 3 0 0 0 0 0/0 9:08 0:00 0:00
Boone Jenner 0 1 1 0 0 2 3 1 1 0 3/12 22:47 0:00 4:14
Brendan Gaunce 0 0 0 0 0 0 0 1 0 0 3/4 9:15 0:00 0:08
Connor Murphy 0 0 0 -1 0 2 1 0 0 1 0/0 14:09 0:00 0:24
Conor Sheary 0 1 1 0 0 5 0 0 1 0 1/2 20:38 0:45 1:31
Drew Doughty 0 2 2 2 2 1 1 1 1 3 0/0 30:45 0:45 3:32
Jeremy Morin 0 0 0 0 0 0 0 0 0 0 0/0 11:40 0:00 1:20
Logan Stanley 0 0 0 -1 2 1 1 0 0 0 0/0 14:34 0:00 2:27
Markus Nutivaara 0 0 0 -1 0 3 2 2 0 0 0/0 19:03 0:00 2:00
Mike Lundin 0 0 0 3 4 2 2 2 0 1 0/0 28:13 0:44 3:05
Oscar Sundqvist 0 0 0 0 0 3 1 0 0 0 5/9 10:55 0:00 0:03
Ronalds Kenins 0 0 0 0 0 3 2 1 0 0 1/2 20:35 0:45 1:31
Steven Stamkos 1 0 1 -1 2 8 1 1 1 1 18/41 24:53 0:44 3:54
Tyler Myers 0 0 0 -1 0 0 0 0 0 2 0/0 19:25 0:00 2:00
Vince Hinostroza 0 0 0 0 0 1 0 0 0 1 0/0 7:08 0:00 0:00
Wayne Simmonds 1 1 2 1 0 3 2 0 0 0 0/0 14:20 0:00 0:00
Zach Parise 1 0 1 1 2 2 0 0 0 0 0/1 14:57 0:00 0:00
Players Stats for Stars
Player Name G A P +/- PIM S H SB GA TA FO MP PP MP PK MP
------------------------------------------------------------------------------------
Adam Tambellini 0 0 0 0 0 0 0 0 1 0 0/0 7:24 0:00 0:00
Alex Chiasson 0 1 1 0 0 3 3 1 2 0 2/3 18:17 2:35 0:00
Andrej Sustr 0 0 0 -2 0 2 1 1 0 4 0/0 30:38 3:59 0:31
Anton Cederholm 0 0 0 0 0 0 0 0 0 0 0/0 12:20 0:20 0:00
Ben Chiarot 0 0 0 1 0 2 1 4 0 0 0/0 20:06 2:25 0:14
Brian Lee 0 0 0 0 0 0 0 1 0 0 0/0 11:27 0:00 0:00
Cam Atkinson 0 0 0 0 0 1 2 0 0 0 0/0 11:52 0:00 0:00
Evgeny Grachev 1 0 1 0 0 3 0 1 0 0 9/15 17:03 2:35 0:00
Evgeny Kuznetsov 0 0 0 0 0 0 0 2 1 0 1/6 11:36 0:00 0:00
Guillaume Latendresse 0 1 1 0 2 3 2 0 0 0 1/1 19:10 2:51 0:00
Henrik Borgstrom 0 0 0 0 0 1 2 0 0 0 0/1 6:39 0:00 0:00
Jake Guentzel 0 2 2 0 0 4 3 0 3 0 0/1 25:29 4:09 0:45
Michael Grabner 2 0 2 -1 0 2 1 0 2 0 1/1 21:38 3:53 0:00
Paul Ladue 0 0 0 -1 2 4 2 1 0 0 0/0 28:40 4:19 0:16
Scott Kosmachuck 0 0 0 0 0 1 0 0 0 0 0/0 6:39 0:00 0:00
Sidney Crosby 1 2 3 0 0 4 0 1 0 0 26/44 25:19 4:09 0:45
Tobias Rieder 0 0 0 0 0 0 0 0 0 0 0/0 13:07 0:00 0:00
Tyler Wotherspoon 0 0 0 1 0 0 0 2 0 1 0/0 20:54 2:25 0:29
3 Stars
1 - Sidney Crosby (Dal)
2 - Michael Grabner (Dal)
3 - Wayne Simmonds (S.J)
Power Play
Sharks - 0 on 2 Attempt(s) - 0.00%
Stars - 1 on 6 Attempt(s) - 16.67%
Penalty Kill
Sharks - 5 on 6 Attempt(s) - 83.33%
- Score 0 goal in Penalty Kill
Stars - 2 on 2 Attempt(s) - 100.00%
- Score 0 goal in Penalty Kill
Team Stat
Sharks - Hits : 16 - Faceoff Wins : 32 - Blocked Shots : 11 - Penalty Minutes : 12
Stars - Hits : 17 - Faceoff Wins : 40 - Blocked Shots : 14 - Penalty Minutes : 4
Official
Referees : Dan Kelly and Jon McIsaac
Linesman : Vaughan Rody and Andrew Smith
Game Notes
No Game Note
Finance
Level 1 -- Attendance: 5703 (95.05%) -- Ticket Income $570,300
Level 2 -- Attendance: 4963 (99.26%) -- Ticket Income $347,410
Level 3 -- Attendance: 1902 (95.10%) -- Ticket Income $76,080
Level 4 -- Attendance: 4000 (100.00%) -- Ticket Income $120,000
Luxury Box -- Attendance: 899 (89.90%) -- Ticket Income $179,800
Game was played at the American Airlines Center.
Total Attendance: 17467 (97.04%)
Total Ticket Income: $1,293,590
Other Income: $194,038
Total Income: $1,487,628
Sharks
5 vs 5 Forward
Center Left Wing Right Wing Time % Phy DF OF
1 Steven Stamkos Ronalds Kenins Conor Sheary 40 1 2 2
2 Boone Jenner Zach Parise Wayne Simmonds 30 1 2 2
3 Oscar Sundqvist Jeremy Morin Beau Bennett 20 1 2 2
4 Brendan Gaunce Andreas Martinsen Vince Hinostroza 10 1 2 2
5 vs 5 Defense
Defense Defense Time % Phy DF OF
1 Drew Doughty Mike Lundin 40 1 2 2
2 Tyler Myers Markus Nutivaara 30 1 2 2
3 Connor Murphy Logan Stanley 20 1 2 2
4 Drew Doughty Mike Lundin 10 1 2 2
PowerPlay Forward
Center Left Wing Right Wing Time % Phy DF OF
1 Steven Stamkos Ronalds Kenins Conor Sheary 60 1 2 2
2 Boone Jenner Zach Parise Wayne Simmonds 40 1 2 2
PowerPlay Defense
Defense Defense Time % Phy DF OF
1 Drew Doughty Mike Lundin 60 1 2 2
2 Tyler Myers Markus Nutivaara 40 1 2 2
Penalty Kill 4 Players Forward
Center Wing Time % Phy DF OF
1 Steven Stamkos Boone Jenner 60 1 2 2
2 Conor Sheary Ronalds Kenins 40 1 2 2
Penalty Kill 4 Players Defense
Defense Defense Time % Phy DF OF
1 Drew Doughty Mike Lundin 60 1 2 2
2 Tyler Myers Markus Nutivaara 40 1 2 2
Penalty Kill - 3 Players Forward
Forward Time % Phy DF OF
1 Steven Stamkos 60 1 2 2
2 Boone Jenner 40 1 2 2
Penalty Kill - 3 Players Defense
Defense Defense Time % Phy DF OF
1 Drew Doughty Mike Lundin 60 1 2 2
2 Tyler Myers Markus Nutivaara 40 1 2 2
4 vs 4 Forward
Center Wing Time % Phy DF OF
1 Steven Stamkos Boone Jenner 60 1 2 2
2 Conor Sheary Ronalds Kenins 40 1 2 2
4 vs 4 Defense
Defense Defense Time % Phy DF OF
1 Drew Doughty Mike Lundin 60 1 2 2
2 Tyler Myers Markus Nutivaara 40 1 2 2
Last Minutes Offensive
Center Left Wing Right Wing Defense Defense
Steven Stamkos Ronalds Kenins Conor Sheary Drew Doughty Mike Lundin
Last Minutes Defensive
Center Left Wing Right Wing Defense Defense
Steven Stamkos Ronalds Kenins Conor Sheary Drew Doughty Mike Lundin
Goaltenders
Starting : Philipp Grubauer
Backup : Malcolm Subban
Extra Forwards
Normal : Oscar Sundqvist, Brendan Gaunce, Jeremy Morin - PP : Oscar Sundqvist, Brendan Gaunce - PK : Jeremy Morin
Extra Defensemen
Normal : Connor Murphy, Logan Stanley, Tyler Myers - PP : Connor Murphy - PK : Logan Stanley, Tyler Myers
Penalty Shots
Steven Stamkos, Boone Jenner, Conor Sheary, Ronalds Kenins, Oscar Sundqvist
Custom OT Lines Forwards
Steven Stamkos, Boone Jenner, Conor Sheary, Ronalds Kenins, Oscar Sundqvist, Zach Parise, Wayne Simmonds, Brendan Gaunce, Jeremy Morin, Beau Bennett
Custom OT Lines Defensemen
Drew Doughty, Mike Lundin, Tyler Myers, Markus Nutivaara, Connor Murphy
Scratches
Gustav Nyquist (Healthy), MacKenzie Weegar (Healthy)
Stars
5 vs 5 Forward
Center Left Wing Right Wing Time % Phy DF OF
1 Sidney Crosby Jake Guentzel Michael Grabner 40 1 2 2
2 Evgeny Grachev Guillaume Latendresse Alex Chiasson 30 1 2 2
3 Evgeny Kuznetsov Tobias Rieder Cam Atkinson 20 1 2 2
4 Henrik Borgstrom Adam Tambellini Scott Kosmachuck 10 1 2 2
5 vs 5 Defense
Defense Defense Time % Phy DF OF
1 Andrej Sustr Paul Ladue 40 1 2 2
2 Ben Chiarot Tyler Wotherspoon 30 1 2 2
3 Anton Cederholm Brian Lee 20 1 2 2
4 Andrej Sustr Paul Ladue 10 1 2 2
PowerPlay Forward
Center Left Wing Right Wing Time % Phy DF OF
1 Sidney Crosby Jake Guentzel Michael Grabner 60 0 2 3
2 Evgeny Grachev Guillaume Latendresse Alex Chiasson 40 0 2 3
PowerPlay Defense
Defense Defense Time % Phy DF OF
1 Andrej Sustr Paul Ladue 60 1 2 2
2 Ben Chiarot Tyler Wotherspoon 40 1 2 2
Penalty Kill 4 Players Forward
Center Wing Time % Phy DF OF
1 Sidney Crosby Jake Guentzel 60 1 2 2
2 Evgeny Grachev Guillaume Latendresse 40 1 2 2
Penalty Kill 4 Players Defense
Defense Defense Time % Phy DF OF
1 Andrej Sustr Paul Ladue 60 0 3 2
2 Ben Chiarot Tyler Wotherspoon 40 0 3 2
Penalty Kill - 3 Players Forward
Forward Time % Phy DF OF
1 Sidney Crosby 60 1 2 2
2 Evgeny Grachev 40 1 2 2
Penalty Kill - 3 Players Defense
Defense Defense Time % Phy DF OF
1 Andrej Sustr Paul Ladue 60 0 3 2
2 Ben Chiarot Tyler Wotherspoon 40 0 3 2
4 vs 4 Forward
Center Wing Time % Phy DF OF
1 Sidney Crosby Jake Guentzel 60 0 2 3
2 Evgeny Grachev Guillaume Latendresse 40 0 2 3
4 vs 4 Defense
Defense Defense Time % Phy DF OF
1 Andrej Sustr Paul Ladue 60 1 2 2
2 Ben Chiarot Tyler Wotherspoon 40 1 2 2
Last Minutes Offensive
Center Left Wing Right Wing Defense Defense
Sidney Crosby Jake Guentzel Michael Grabner Andrej Sustr Paul Ladue
Last Minutes Defensive
Center Left Wing Right Wing Defense Defense
Sidney Crosby Jake Guentzel Michael Grabner Andrej Sustr Paul Ladue
Goaltenders
Starting : Matt Murray
Backup : Michael Houser
Extra Forwards
Normal : Alex Chiasson, Tobias Rieder, Evgeny Grachev - PP : Alex Chiasson, Tobias Rieder - PK : Alex Chiasson
Extra Defensemen
Normal : Tyler Wotherspoon, Anton Cederholm, Brian Lee - PP : Tyler Wotherspoon - PK : Tyler Wotherspoon, Anton Cederholm
Penalty Shots
Sidney Crosby, Jake Guentzel, Michael Grabner, Guillaume Latendresse, Alex Chiasson
Custom OT Lines Forwards
Sidney Crosby, Jake Guentzel, Michael Grabner, Guillaume Latendresse, Alex Chiasson, Tobias Rieder, Evgeny Grachev, Cam Atkinson, Scott Kosmachuck, Evgeny Kuznetsov
Custom OT Lines Defensemen
Andrej Sustr, Paul Ladue, Ben Chiarot, Tyler Wotherspoon, Anton Cederholm
Scratches
Ilya Mikheyev (Healthy), Wiley Sherman (Healthy)
% Time on Ice - Sharks
Lines # - Real PCT - Wanted PCT - Time Play
Normal Forward
1 - 39% - 40% - 19:03
2 - 29% - 30% - 14:17
3 - 18% - 20% - 8:50
4 - 14% - 10% - 7:08
Normal Defense
1 - 40% - 40% - 19:45
2 - 33% - 30% - 16:04
3 - 23% - 20% - 11:08
4 - 5% - 10% - 2:21
PP Forward
1 - 100% - 60% - 0:45
2 - 0% - 40% - 0:00
PP Defense
1 - 100% - 60% - 0:45
2 - 0% - 40% - 0:00
PK Forward
1 - 77% - 60% - 5:13
2 - 23% - 40% - 1:31
PK Defense
1 - 70% - 60% - 4:44
2 - 30% - 40% - 2:00
PK3 Forward
1 - 0% - 60%
2 - 0% - 40%
PK3 Defense
1 - 0% - 60%
2 - 0% - 40%
44 Forward
1 - 89% - 60% - 2:51
2 - 11% - 40% - 0:22
44 Defense
1 - 69% - 60% - 2:14
2 - 31% - 40% - 0:59
Last Minute Offensive - 0:00
Last Minute Defensive - 0:00
Total
Forward - 60:00
Defense - 60:00
|
% Time on Ice - Stars
Lines # - Real PCT - Wanted PCT - Time Play
Normal Forward
1 - 34% - 40% - 16:49
2 - 30% - 30% - 14:43
3 - 23% - 20% - 11:07
4 - 13% - 10% - 6:39
Normal Defense
1 - 38% - 40% - 18:41
2 - 34% - 30% - 16:31
3 - 23% - 20% - 11:27
4 - 5% - 10% - 2:39
PP Forward
1 - 62% - 60% - 4:09
2 - 38% - 40% - 2:35
PP Defense
1 - 64% - 60% - 4:19
2 - 36% - 40% - 2:25
PK Forward
1 - 100% - 60% - 0:45
2 - 0% - 40% - 0:00
PK Defense
1 - 69% - 60% - 0:31
2 - 31% - 40% - 0:14
PK3 Forward
1 - 0% - 60%
2 - 0% - 40%
PK3 Defense
1 - 0% - 60%
2 - 0% - 40%
44 Forward
1 - 79% - 60% - 2:33
2 - 21% - 40% - 0:40
44 Defense
1 - 76% - 60% - 2:27
2 - 24% - 40% - 0:46
Last Minute Offensive - 0:00
Last Minute Defensive - 0:00
Total
Forward - 60:00
Defense - 60:00
|
Play-by-Play
1st period
0:01 of 1st period - Conor Sheary wins face-off versus Sidney Crosby in neutral zone.
0:08 of 1st period - Wrist shot by Steven Stamkos.
0:08 of 1st period - Stopped by Matt Murray with a rebound.
0:20 of 1st period - Sidney Crosby is hit by Ronalds Kenins and loses puck.
0:33 of 1st period - Wayne Simmonds is hit by Guillaume Latendresse and loses puck.
1:08 of 1st period - Wrist shot by Scott Kosmachuck.
1:08 of 1st period - Stopped by Philipp Grubauer without a rebound.
1:09 of 1st period - Evgeny Kuznetsov wins face-off versus Brendan Gaunce in Sharks zone.
1:22 of 1st period - Snap shot by Vince Hinostroza.
1:22 of 1st period - Shot Misses the Net.
1:36 of 1st period - Markus Nutivaara is hit by Jake Guentzel and loses puck.
2:03 of 1st period - Evgeny Grachev is hit by Logan Stanley and loses puck.
2:37 of 1st period - Snap shot by Jake Guentzel.
2:37 of 1st period - Shot Blocked by Ronalds Kenins.
2:43 of 1st period - Wrist shot by Jake Guentzel.
2:43 of 1st period - Shot Misses the Net.
3:32 of 1st period - Logan Stanley is hit by Paul Ladue and loses puck.
4:13 of 1st period - Snap shot by Steven Stamkos.
4:13 of 1st period - Shot Misses the Net.
4:15 of 1st period - Slapshot by Ronalds Kenins.
4:15 of 1st period - Shot Misses the Net.
4:47 of 1st period - Evgeny Grachev is hit by Mike Lundin.
4:55 of 1st period - Slapshot by Beau Bennett.
4:55 of 1st period - Stopped by Matt Murray with a rebound.
5:22 of 1st period - Off-side.
5:23 of 1st period - Sidney Crosby wins face-off versus Boone Jenner in neutral zone.
5:26 of 1st period - Wayne Simmonds is hit by Jake Guentzel and loses puck.
5:35 of 1st period - Sidney Crosby is hit by Boone Jenner and loses puck.
5:57 of 1st period - Snap shot by Tobias Rieder.
5:57 of 1st period - Shot Misses the Net.
6:21 of 1st period - Snap shot by Conor Sheary.
6:21 of 1st period - Shot Misses the Net.
6:23 of 1st period - Slapshot by Mike Lundin.
6:23 of 1st period - Deflect By Conor Sheary.
6:23 of 1st period - Stopped by Matt Murray without a rebound.
6:24 of 1st period - Boone Jenner wins face-off versus Jake Guentzel in Stars zone.
6:43 of 1st period - Jake Guentzel is hit by Wayne Simmonds and loses puck.
7:03 of 1st period - Snap shot by Jake Guentzel.
7:03 of 1st period - Shot Misses the Net.
7:05 of 1st period - Slapshot by Paul Ladue.
7:05 of 1st period - Deflect By Drew Doughty.
7:05 of 1st period - Stopped by Philipp Grubauer with a rebound.
7:07 of 1st period - Slapshot by Paul Ladue.
7:07 of 1st period - Stopped by Philipp Grubauer without a rebound.
7:08 of 1st period - Steven Stamkos wins face-off versus Evgeny Grachev in Sharks zone.
7:15 of 1st period - Backhand shot by Conor Sheary.
7:15 of 1st period - Deflect By Steven Stamkos.
7:15 of 1st period - Shot Misses the Net.
7:15 of 1st period - Puck is out of play.
7:16 of 1st period - Evgeny Grachev wins face-off versus Ronalds Kenins in Stars zone.
7:30 of 1st period - Wrist shot by Steven Stamkos.
7:30 of 1st period - Stopped by Matt Murray with a rebound.
7:33 of 1st period - Icing by Evgeny Grachev.
7:34 of 1st period - Evgeny Grachev wins face-off versus Oscar Sundqvist in Stars zone.
7:38 of 1st period - Icing by Evgeny Grachev.
7:39 of 1st period - Oscar Sundqvist wins face-off versus Evgeny Grachev in Stars zone.
7:40 of 1st period - Slapshot by Drew Doughty.
7:40 of 1st period - Stopped by Matt Murray with a rebound.
7:43 of 1st period - Icing by Ben Chiarot.
7:44 of 1st period - Evgeny Grachev wins face-off versus Oscar Sundqvist in Stars zone.
7:58 of 1st period - Icing by Mike Lundin.
7:59 of 1st period - Sidney Crosby wins face-off versus Oscar Sundqvist in Sharks zone.
8:04 of 1st period - Slapshot by Drew Doughty.
8:04 of 1st period - Shot Blocked by Sidney Crosby.
8:06 of 1st period - Snap shot by Mike Lundin.
8:06 of 1st period - Stopped by Matt Murray with a rebound.
8:08 of 1st period - Slapshot by Beau Bennett.
8:08 of 1st period - Stopped by Matt Murray without a rebound.
8:09 of 1st period - Steven Stamkos wins face-off versus Sidney Crosby in Stars zone.
8:18 of 1st period - Snap shot by Steven Stamkos.
8:18 of 1st period - Stopped by Matt Murray with a rebound.
9:04 of 1st period - Snap shot by Sidney Crosby.
9:04 of 1st period - Shot Misses the Net.
9:12 of 1st period - Snap shot by Boone Jenner.
9:12 of 1st period - Deflect By Zach Parise.
9:12 of 1st period - Goal by Zach Parise - Sharks : 1 - Stars : 0.
9:13 of 1st period - Steven Stamkos wins face-off versus Evgeny Kuznetsov in neutral zone.
9:24 of 1st period - Snap shot by Ronalds Kenins.
9:24 of 1st period - Stopped by Matt Murray with a rebound.
9:26 of 1st period - Wrist shot by Conor Sheary.
9:26 of 1st period - Stopped by Matt Murray without a rebound.
9:27 of 1st period - Evgeny Grachev wins face-off versus Steven Stamkos in Stars zone.
10:27 of 1st period - Steven Stamkos is hit by Henrik Borgstrom and loses puck.
10:52 of 1st period - Snap shot by Steven Stamkos.
10:52 of 1st period - Shot Misses the Net.
11:22 of 1st period - Snap shot by Henrik Borgstrom.
11:22 of 1st period - Shot Misses the Net.
11:24 of 1st period - Slapshot by Andrej Sustr.
11:24 of 1st period - Stopped by Philipp Grubauer with a rebound.
11:26 of 1st period - Slapshot by Paul Ladue.
11:26 of 1st period - Stopped by Philipp Grubauer without a rebound.
11:27 of 1st period - Sidney Crosby wins face-off versus Boone Jenner in Sharks zone.
12:05 of 1st period - Snap shot by Beau Bennett.
12:05 of 1st period - Shot Blocked by Evgeny Kuznetsov.
12:07 of 1st period - Slapshot by Drew Doughty.
12:07 of 1st period - Shot Misses the Net.
13:50 of 1st period - Cam Atkinson is hit by Wayne Simmonds and loses puck.
13:57 of 1st period - Anton Cederholm is hit by Boone Jenner and loses puck.
16:26 of 1st period - Icing by Zach Parise.
16:27 of 1st period - Boone Jenner wins face-off versus Evgeny Grachev in Sharks zone.
16:42 of 1st period - Wrist shot by Evgeny Grachev.
16:42 of 1st period - Goal by Evgeny Grachev - Sharks : 1 - Stars : 1.
16:43 of 1st period - Sidney Crosby wins face-off versus Steven Stamkos in neutral zone.
19:04 of 1st period - Snap shot by Cam Atkinson.
19:04 of 1st period - Deflect By Tobias Rieder.
19:04 of 1st period - Shot Misses the Net.
19:04 of 1st period - Puck is out of play.
19:05 of 1st period - Andreas Martinsen wins face-off versus Sidney Crosby in Sharks zone.
19:20 of 1st period - Snap shot by Vince Hinostroza.
19:20 of 1st period - Shot Misses the Net.
19:39 of 1st period - Slapshot by Sidney Crosby.
19:39 of 1st period - Shot Misses the Net.
Goals for this period are 1 for Sharks vs 1 for Stars.
Shots for this period are 11 for Sharks vs 6 for Stars.
2nd period
0:01 of 2nd period - Sidney Crosby wins face-off versus Steven Stamkos in neutral zone.
0:12 of 2nd period - Snap shot by Sidney Crosby.
0:12 of 2nd period - Shot Blocked by Drew Doughty.
0:28 of 2nd period - Icing by Boone Jenner.
0:29 of 2nd period - Evgeny Grachev wins face-off versus Boone Jenner in Sharks zone.
0:32 of 2nd period - Snap shot by Evgeny Grachev.
0:32 of 2nd period - Shot Misses the Net.
0:34 of 2nd period - Wrist shot by Alex Chiasson.
0:34 of 2nd period - Shot Misses the Net.
0:36 of 2nd period - Wrist shot by Alex Chiasson.
0:36 of 2nd period - Shot Misses the Net.
0:38 of 2nd period - Slapshot by Guillaume Latendresse.
0:38 of 2nd period - Shot Misses the Net.
0:40 of 2nd period - Snap shot by Alex Chiasson.
0:40 of 2nd period - Shot Blocked by Markus Nutivaara.
0:42 of 2nd period - Snap shot by Evgeny Grachev.
0:42 of 2nd period - Shot Misses the Net.
0:50 of 2nd period - Slapshot by Markus Nutivaara.
0:50 of 2nd period - Shot Misses the Net.
1:24 of 2nd period - Snap shot by Boone Jenner.
1:24 of 2nd period - Stopped by Matt Murray without a rebound.
1:25 of 2nd period - Steven Stamkos wins face-off versus Sidney Crosby in Stars zone.
1:26 of 2nd period - Slapshot by Ronalds Kenins.
1:26 of 2nd period - Stopped by Matt Murray with a rebound.
1:32 of 2nd period - Wrist shot by Jake Guentzel.
1:32 of 2nd period - Stopped by Philipp Grubauer without a rebound.
1:33 of 2nd period - Steven Stamkos wins face-off versus Sidney Crosby in Sharks zone.
1:35 of 2nd period - Minor Penalty to Mike Lundin for Tripping.
1:36 of 2nd period - Sidney Crosby wins face-off versus Steven Stamkos in Sharks zone.
2:06 of 2nd period - Wrist shot by Guillaume Latendresse.
2:06 of 2nd period - Stopped by Philipp Grubauer without a rebound.
2:07 of 2nd period - Sidney Crosby wins face-off versus Steven Stamkos in Sharks zone.
3:35 of 2nd period - Penalty to Mike Lundin is over, Mike Lundin is back on ice.
4:38 of 2nd period - Ben Chiarot is hit by Boone Jenner and loses puck.
4:45 of 2nd period - Snap shot by Wayne Simmonds.
4:45 of 2nd period - Shot Blocked by Tyler Wotherspoon.
4:57 of 2nd period - Connor Murphy is hit by Alex Chiasson and loses puck.
5:04 of 2nd period - Slapshot by Alex Chiasson.
5:04 of 2nd period - Shot Misses the Net.
5:22 of 2nd period - Evgeny Kuznetsov is hit by Ronalds Kenins and loses puck.
5:55 of 2nd period - Snap shot by Ben Chiarot.
5:55 of 2nd period - Stopped by Philipp Grubauer with a rebound.
6:35 of 2nd period - Wrist shot by Scott Kosmachuck.
6:35 of 2nd period - Shot Blocked by Mike Lundin.
6:37 of 2nd period - Wrist shot by Scott Kosmachuck.
6:37 of 2nd period - Shot Blocked by Brendan Gaunce.
6:39 of 2nd period - Slapshot by Scott Kosmachuck.
6:39 of 2nd period - Shot Blocked by Andreas Martinsen.
6:41 of 2nd period - Snap shot by Ben Chiarot.
6:41 of 2nd period - Shot Misses the Net.
6:43 of 2nd period - Slapshot by Ben Chiarot.
6:43 of 2nd period - Stopped by Philipp Grubauer without a rebound.
6:44 of 2nd period - Sidney Crosby wins face-off versus Boone Jenner in Sharks zone.
6:56 of 2nd period - Minor Penalty to Logan Stanley for Slashing.
6:57 of 2nd period - Sidney Crosby wins face-off versus Steven Stamkos in Sharks zone.
7:51 of 2nd period - Icing by Michael Grabner.
7:52 of 2nd period - Steven Stamkos wins face-off versus Sidney Crosby in Stars zone.
8:09 of 2nd period - Backhand shot by Alex Chiasson.
8:09 of 2nd period - Stopped by Philipp Grubauer with a rebound.
8:41 of 2nd period - Paul Ladue is hit by Mike Lundin and loses puck.
8:56 of 2nd period - Penalty to Logan Stanley is over, Logan Stanley is back on ice.
9:04 of 2nd period - Slapshot by Ronalds Kenins.
9:04 of 2nd period - Deflect By Logan Stanley.
9:04 of 2nd period - Shot Misses the Net.
9:04 of 2nd period - Puck is out of play.
9:05 of 2nd period - Brendan Gaunce wins face-off versus Evgeny Kuznetsov in Stars zone.
9:15 of 2nd period - Icing by Brian Lee.
9:16 of 2nd period - Steven Stamkos wins face-off versus Evgeny Kuznetsov in Stars zone.
9:17 of 2nd period - Snap shot by Conor Sheary.
9:17 of 2nd period - Stopped by Matt Murray without a rebound.
9:18 of 2nd period - Sidney Crosby wins face-off versus Steven Stamkos in Stars zone.
9:23 of 2nd period - Wrist shot by Jake Guentzel.
9:23 of 2nd period - Stopped by Philipp Grubauer with a rebound.
9:25 of 2nd period - Snap shot by Michael Grabner.
9:25 of 2nd period - Goal by Michael Grabner - Sharks : 1 - Stars : 2.
9:26 of 2nd period - Steven Stamkos wins face-off versus Sidney Crosby in neutral zone.
9:53 of 2nd period - Minor Penalty to Zach Parise for Cross-checking.
9:54 of 2nd period - Sidney Crosby wins face-off versus Steven Stamkos in Sharks zone.
9:55 of 2nd period - Wrist shot by Michael Grabner.
9:55 of 2nd period - Goal by Michael Grabner - Sharks : 1 - Stars : 3.
9:56 of 2nd period - Steven Stamkos wins face-off versus Sidney Crosby in neutral zone.
10:27 of 2nd period - Wrist shot by Wayne Simmonds.
10:27 of 2nd period - Goal by Wayne Simmonds - Sharks : 2 - Stars : 3.
10:28 of 2nd period - Steven Stamkos wins face-off versus Sidney Crosby in neutral zone.
10:37 of 2nd period - Wrist shot by Steven Stamkos.
10:37 of 2nd period - Goal by Steven Stamkos - Sharks : 3 - Stars : 3.
10:38 of 2nd period - Sidney Crosby wins face-off versus Steven Stamkos in neutral zone.
10:47 of 2nd period - Slapshot by Sidney Crosby.
10:47 of 2nd period - Shot Misses the Net.
10:53 of 2nd period - Drew Doughty is hit by Michael Grabner.
11:47 of 2nd period - Icing by Brian Lee.
11:48 of 2nd period - Brendan Gaunce wins face-off versus Henrik Borgstrom in Stars zone.
12:53 of 2nd period - Jeremy Morin is hit by Cam Atkinson and loses puck.
13:42 of 2nd period - Wrist shot by Evgeny Grachev.
13:42 of 2nd period - Shot Blocked by Andreas Martinsen.
14:22 of 2nd period - Jeremy Morin is hit by Cam Atkinson and loses puck.
15:17 of 2nd period - Tyler Myers is hit by Alex Chiasson.
15:58 of 2nd period - Snap shot by Cam Atkinson.
15:58 of 2nd period - Deflect By Evgeny Kuznetsov.
15:58 of 2nd period - Shot Misses the Net.
15:58 of 2nd period - Puck is out of play.
15:59 of 2nd period - Evgeny Grachev wins face-off versus Steven Stamkos in Sharks zone.
16:02 of 2nd period - Snap shot by Evgeny Grachev.
16:02 of 2nd period - Stopped by Philipp Grubauer with a rebound.
16:10 of 2nd period - Snap shot by Steven Stamkos.
16:10 of 2nd period - Shot Misses the Net.
16:12 of 2nd period - Slapshot by Drew Doughty.
16:12 of 2nd period - Deflect By Steven Stamkos.
16:12 of 2nd period - Stopped by Matt Murray without a rebound.
16:13 of 2nd period - Ronalds Kenins wins face-off versus Sidney Crosby in Stars zone.
16:23 of 2nd period - Icing by Ronalds Kenins.
16:24 of 2nd period - Sidney Crosby wins face-off versus Steven Stamkos in Sharks zone.
16:54 of 2nd period - Slapshot by Drew Doughty.
16:54 of 2nd period - Shot Blocked by Andrej Sustr.
16:56 of 2nd period - Slapshot by Ronalds Kenins.
16:56 of 2nd period - Stopped by Matt Murray without a rebound.
16:57 of 2nd period - Boone Jenner wins face-off versus Evgeny Grachev in Stars zone.
17:01 of 2nd period - Minor Penalty to Guillaume Latendresse for Roughing.
17:02 of 2nd period - Sidney Crosby wins face-off versus Steven Stamkos in Stars zone.
17:17 of 2nd period - Minor Penalty to Mike Lundin for Hooking.
17:18 of 2nd period - Steven Stamkos wins face-off versus Sidney Crosby in Sharks zone.
17:22 of 2nd period - Sidney Crosby is hit by Connor Murphy and loses puck.
18:09 of 2nd period - Markus Nutivaara is hit by Alex Chiasson and loses puck.
18:29 of 2nd period - Icing by Brendan Gaunce.
18:30 of 2nd period - Oscar Sundqvist wins face-off versus Alex Chiasson in Sharks zone.
18:45 of 2nd period - Slapshot by Oscar Sundqvist.
18:45 of 2nd period - Stopped by Matt Murray without a rebound.
18:46 of 2nd period - Sidney Crosby wins face-off versus Steven Stamkos in Stars zone.
18:46 of 2nd period - Sidney Crosby is hit by Steven Stamkos.
19:01 of 2nd period - Penalty to Guillaume Latendresse is over, Guillaume Latendresse is back on ice.
19:08 of 2nd period - Wrist shot by Sidney Crosby.
19:08 of 2nd period - Stopped by Philipp Grubauer with a rebound.
19:10 of 2nd period - Slapshot by Paul Ladue.
19:10 of 2nd period - Shot Blocked by Steven Stamkos.
19:17 of 2nd period - Penalty to Mike Lundin is over, Mike Lundin is back on ice.
19:50 of 2nd period - Slapshot by Jake Guentzel.
19:50 of 2nd period - Shot Misses the Net.
19:52 of 2nd period - Slapshot by Paul Ladue.
19:52 of 2nd period - Shot Misses the Net.
19:54 of 2nd period - Snap shot by Guillaume Latendresse.
19:54 of 2nd period - Stopped by Philipp Grubauer with a rebound.
19:56 of 2nd period - Wrist shot by Sidney Crosby.
19:56 of 2nd period - Shot Hit the Post.
19:58 of 2nd period - Slapshot by Andrej Sustr.
19:58 of 2nd period - Shot Misses the Net.
Goals for this period are 2 for Sharks vs 2 for Stars.
Shots for this period are 8 for Sharks vs 11 for Stars.
3rd period
0:01 of 3rd period - Steven Stamkos wins face-off versus Sidney Crosby in neutral zone.
0:08 of 3rd period - Wrist shot by Steven Stamkos.
0:08 of 3rd period - Stopped by Matt Murray with a rebound.
0:35 of 3rd period - Slapshot by Guillaume Latendresse.
0:35 of 3rd period - Shot Blocked by Boone Jenner.
0:37 of 3rd period - Wrist shot by Alex Chiasson.
0:37 of 3rd period - Deflect By Guillaume Latendresse.
0:37 of 3rd period - Stopped by Philipp Grubauer without a rebound.
0:38 of 3rd period - Sidney Crosby wins face-off versus Steven Stamkos in Sharks zone.
0:47 of 3rd period - Snap shot by Conor Sheary.
0:47 of 3rd period - Shot Misses the Net.
1:14 of 3rd period - Markus Nutivaara is hit by Andrej Sustr.
1:30 of 3rd period - Snap shot by Jeremy Morin.
1:30 of 3rd period - Deflect By Oscar Sundqvist.
1:30 of 3rd period - Shot Misses the Net.
1:30 of 3rd period - Puck is out of play.
1:31 of 3rd period - Steven Stamkos wins face-off versus Evgeny Kuznetsov in Stars zone.
2:22 of 3rd period - Snap shot by Vince Hinostroza.
2:22 of 3rd period - Stopped by Matt Murray with a rebound.
2:32 of 3rd period - Markus Nutivaara is hit by Paul Ladue.
2:39 of 3rd period - Minor Penalty to Paul Ladue for Cross-checking.
2:40 of 3rd period - Sidney Crosby wins face-off versus Steven Stamkos in Stars zone.
2:51 of 3rd period - Slapshot by Conor Sheary.
2:51 of 3rd period - Shot Misses the Net.
2:53 of 3rd period - Slapshot by Drew Doughty.
2:53 of 3rd period - Deflect By Ronalds Kenins.
2:53 of 3rd period - Shot Misses the Net.
2:53 of 3rd period - Puck is out of play.
2:54 of 3rd period - Sidney Crosby wins face-off versus Steven Stamkos in Stars zone.
2:54 of 3rd period - Sidney Crosby is hit by Drew Doughty.
3:08 of 3rd period - Minor Penalty to Steven Stamkos for Hooking.
3:09 of 3rd period - Oscar Sundqvist wins face-off versus Sidney Crosby in Sharks zone.
3:22 of 3rd period - Slapshot by Andrej Sustr.
3:22 of 3rd period - Stopped by Philipp Grubauer with a rebound.
3:24 of 3rd period - Wrist shot by Sidney Crosby.
3:24 of 3rd period - Shot Blocked by Mike Lundin.
3:26 of 3rd period - Slapshot by Andrej Sustr.
3:26 of 3rd period - Shot Misses the Net.
4:39 of 3rd period - Penalty to Paul Ladue is over, Paul Ladue is back on ice.
5:08 of 3rd period - Penalty to Steven Stamkos is over, Steven Stamkos is back on ice.
5:14 of 3rd period - Drew Doughty is hit by Ben Chiarot and loses puck.
5:23 of 3rd period - Slapshot by Mike Lundin.
5:23 of 3rd period - Stopped by Matt Murray without a rebound.
5:24 of 3rd period - Steven Stamkos wins face-off versus Evgeny Kuznetsov in Stars zone.
5:41 of 3rd period - Wrist shot by Cam Atkinson.
5:41 of 3rd period - Stopped by Philipp Grubauer without a rebound.
5:42 of 3rd period - Sidney Crosby wins face-off versus Zach Parise in Sharks zone.
6:15 of 3rd period - Wrist shot by Beau Bennett.
6:15 of 3rd period - Stopped by Matt Murray without a rebound.
6:16 of 3rd period - Oscar Sundqvist wins face-off versus Evgeny Grachev in Stars zone.
6:17 of 3rd period - Slapshot by Markus Nutivaara.
6:17 of 3rd period - Deflect By Jeremy Morin.
6:17 of 3rd period - Shot Blocked by Ben Chiarot.
6:17 of 3rd period - Puck is out of play.
6:18 of 3rd period - Alex Chiasson wins face-off versus Oscar Sundqvist in Stars zone.
6:35 of 3rd period - Snap shot by Oscar Sundqvist.
6:35 of 3rd period - Deflect By Evgeny Grachev.
6:35 of 3rd period - Stopped by Matt Murray with a rebound.
6:37 of 3rd period - Slapshot by Markus Nutivaara.
6:37 of 3rd period - Stopped by Matt Murray with a rebound.
6:39 of 3rd period - Snap shot by Markus Nutivaara.
6:39 of 3rd period - Shot Blocked by Ben Chiarot.
6:41 of 3rd period - Slapshot by Beau Bennett.
6:41 of 3rd period - Shot Blocked by Ben Chiarot.
6:43 of 3rd period - Wrist shot by Markus Nutivaara.
6:43 of 3rd period - Shot Blocked by Evgeny Grachev.
6:51 of 3rd period - Slapshot by Oscar Sundqvist.
6:51 of 3rd period - Shot Misses the Net.
6:53 of 3rd period - Slapshot by Beau Bennett.
6:53 of 3rd period - Shot Blocked by Ben Chiarot.
6:55 of 3rd period - Snap shot by Beau Bennett.
6:55 of 3rd period - Shot Blocked by Tyler Wotherspoon.
6:57 of 3rd period - Slapshot by Markus Nutivaara.
6:57 of 3rd period - Stopped by Matt Murray without a rebound.
6:58 of 3rd period - Sidney Crosby wins face-off versus Steven Stamkos in Stars zone.
7:07 of 3rd period - Snap shot by Jake Guentzel.
7:07 of 3rd period - Stopped by Philipp Grubauer without a rebound.
7:08 of 3rd period - Steven Stamkos wins face-off versus Sidney Crosby in Sharks zone.
7:33 of 3rd period - Snap shot by Steven Stamkos.
7:33 of 3rd period - Shot Misses the Net.
7:51 of 3rd period - Wrist shot by Sidney Crosby.
7:51 of 3rd period - Stopped by Philipp Grubauer with a rebound.
7:53 of 3rd period - Snap shot by Paul Ladue.
7:53 of 3rd period - Deflect By Drew Doughty.
7:53 of 3rd period - Stopped by Philipp Grubauer without a rebound.
7:54 of 3rd period - Alex Chiasson wins face-off versus Boone Jenner in Sharks zone.
7:59 of 3rd period - Snap shot by Evgeny Grachev.
7:59 of 3rd period - Stopped by Philipp Grubauer without a rebound.
8:00 of 3rd period - Evgeny Grachev wins face-off versus Boone Jenner in Sharks zone.
8:01 of 3rd period - Slapshot by Alex Chiasson.
8:01 of 3rd period - Stopped by Philipp Grubauer without a rebound.
8:02 of 3rd period - Evgeny Grachev wins face-off versus Boone Jenner in Sharks zone.
8:30 of 3rd period - Wrist shot by Evgeny Grachev.
8:30 of 3rd period - Shot Blocked by Markus Nutivaara.
8:32 of 3rd period - Snap shot by Alex Chiasson.
8:32 of 3rd period - Stopped by Philipp Grubauer without a rebound.
8:33 of 3rd period - Sidney Crosby wins face-off versus Steven Stamkos in Sharks zone.
8:37 of 3rd period - Minor Penalty to Drew Doughty for Interference.
8:38 of 3rd period - Steven Stamkos wins face-off versus Sidney Crosby in Sharks zone.
8:45 of 3rd period - Off-side.
8:46 of 3rd period - Sidney Crosby wins face-off versus Steven Stamkos in neutral zone.
10:07 of 3rd period - Snap shot by Jake Guentzel.
10:07 of 3rd period - Stopped by Philipp Grubauer without a rebound.
10:08 of 3rd period - Evgeny Grachev wins face-off versus Conor Sheary in Sharks zone.
10:37 of 3rd period - Penalty to Drew Doughty is over, Drew Doughty is back on ice.
11:27 of 3rd period - Snap shot by Andreas Martinsen.
11:27 of 3rd period - Deflect By Tobias Rieder.
11:27 of 3rd period - Shot Blocked by Evgeny Kuznetsov.
11:27 of 3rd period - Puck is out of play.
11:28 of 3rd period - Guillaume Latendresse wins face-off versus Steven Stamkos in Stars zone.
11:37 of 3rd period - Evgeny Grachev is hit by Markus Nutivaara and loses puck.
11:44 of 3rd period - Snap shot by Conor Sheary.
11:44 of 3rd period - Stopped by Matt Murray without a rebound.
11:45 of 3rd period - Sidney Crosby wins face-off versus Boone Jenner in Stars zone.
12:36 of 3rd period - Vince Hinostroza is hit by Guillaume Latendresse and loses puck.
12:55 of 3rd period - Cam Atkinson is hit by Oscar Sundqvist and loses puck.
13:18 of 3rd period - Wrist shot by Zach Parise.
13:18 of 3rd period - Deflect By Boone Jenner.
13:18 of 3rd period - Stopped by Matt Murray with a rebound.
13:24 of 3rd period - Boone Jenner is hit by Henrik Borgstrom and loses puck.
13:43 of 3rd period - Wrist shot by Ronalds Kenins.
13:43 of 3rd period - Shot Misses the Net.
13:45 of 3rd period - Slapshot by Connor Murphy.
13:45 of 3rd period - Stopped by Matt Murray with a rebound.
13:47 of 3rd period - Slapshot by Logan Stanley.
13:47 of 3rd period - Deflect By Brian Lee.
13:47 of 3rd period - Stopped by Matt Murray with a rebound.
13:49 of 3rd period - Slapshot by Steven Stamkos.
13:49 of 3rd period - Stopped by Matt Murray without a rebound.
13:50 of 3rd period - Sidney Crosby wins face-off versus Boone Jenner in Stars zone.
15:38 of 3rd period - Wrist shot by Cam Atkinson.
15:38 of 3rd period - Shot Hit the Post.
16:12 of 3rd period - Snap shot by Zach Parise.
16:12 of 3rd period - Shot Misses the Net.
16:14 of 3rd period - Snap shot by Wayne Simmonds.
16:14 of 3rd period - Stopped by Matt Murray with a rebound.
16:16 of 3rd period - Snap shot by Wayne Simmonds.
16:16 of 3rd period - Stopped by Matt Murray without a rebound.
16:17 of 3rd period - Oscar Sundqvist wins face-off versus Sidney Crosby in Stars zone.
17:31 of 3rd period - Wrist shot by Henrik Borgstrom.
17:31 of 3rd period - Stopped by Philipp Grubauer with a rebound.
17:38 of 3rd period - Off-side.
17:39 of 3rd period - Brendan Gaunce wins face-off versus Evgeny Grachev in neutral zone.
18:09 of 3rd period - Wrist shot by Ronalds Kenins.
18:09 of 3rd period - Shot Misses the Net.
18:15 of 3rd period - Snap shot by Ronalds Kenins.
18:15 of 3rd period - Shot Misses the Net.
18:17 of 3rd period - Snap shot by Steven Stamkos.
18:17 of 3rd period - Shot Blocked by Brian Lee.
18:19 of 3rd period - Slapshot by Markus Nutivaara.
18:19 of 3rd period - Stopped by Matt Murray with a rebound.
18:21 of 3rd period - Slapshot by Connor Murphy.
18:21 of 3rd period - Stopped by Matt Murray with a rebound.
18:40 of 3rd period - Evgeny Grachev is hit by Markus Nutivaara.
Goals for this period are 0 for Sharks vs 0 for Stars.
Shots for this period are 16 for Sharks vs 11 for Stars.
Overtime #1
0:01 of 1st overtime period - Steven Stamkos wins face-off versus Sidney Crosby in neutral zone.
0:16 of 1st overtime period - Slapshot by Sidney Crosby.
0:16 of 1st overtime period - Stopped by Philipp Grubauer with a rebound.
0:55 of 1st overtime period - Slapshot by Conor Sheary.
0:55 of 1st overtime period - Stopped by Matt Murray with a rebound.
1:26 of 1st overtime period - Slapshot by Mike Lundin.
1:26 of 1st overtime period - Deflect By Zach Parise.
1:26 of 1st overtime period - Stopped by Matt Murray without a rebound.
1:27 of 1st overtime period - Michael Grabner wins face-off versus Steven Stamkos in Stars zone.
2:48 of 1st overtime period - Slapshot by Drew Doughty.
2:48 of 1st overtime period - Deflect By Wayne Simmonds.
2:48 of 1st overtime period - Shot Blocked by Paul Ladue.
2:48 of 1st overtime period - Puck is out of play.
2:49 of 1st overtime period - Sidney Crosby wins face-off versus Steven Stamkos in Stars zone.
2:54 of 1st overtime period - Boone Jenner is hit by Jake Guentzel and loses puck.
3:48 of 1st overtime period - Snap shot by Zach Parise.
3:48 of 1st overtime period - Shot Blocked by Alex Chiasson.
3:50 of 1st overtime period - Wrist shot by Oscar Sundqvist.
3:50 of 1st overtime period - Stopped by Matt Murray without a rebound.
3:51 of 1st overtime period - Steven Stamkos wins face-off versus Sidney Crosby in Stars zone.
3:52 of 1st overtime period - Snap shot by Boone Jenner.
3:52 of 1st overtime period - Shot Misses the Net.
3:54 of 1st overtime period - Snap shot by Steven Stamkos.
3:54 of 1st overtime period - Shot Misses the Net.
3:56 of 1st overtime period - Snap shot by Steven Stamkos.
3:56 of 1st overtime period - Stopped by Matt Murray without a rebound.
3:57 of 1st overtime period - Sidney Crosby wins face-off versus Steven Stamkos in Stars zone.
4:06 of 1st overtime period - Wrist shot by Sidney Crosby.
4:06 of 1st overtime period - Goal by Sidney Crosby - Sharks : 3 - Stars : 4.
Goals for this period are 0 for Sharks vs 1 for Stars.
Shots for this period are 4 for Sharks vs 2 for Stars.